TOP OF THE 1ST |
---|
Saint John's Red Storm batting - Pitching for Florida State Seminoles : RHP Mike Sherman | Pitching: RHP Mike Sherman | | Batting: RHB Thomas Barnes | 0-0: Ground out 5-3 (Groundball, 56) | Batting: LHB Larry Bradley | 0-0: Foul Ball, location: 2F 0-1: Ball 1-1: Ball 2-1: Foul Ball, location: 2F 2-2: DOUBLE (Flyball, 89XD) | Batting: LHB Richard Shelton | 0-0: Ground out U3 (Groundball, 34) Larry Bradley to third | Batting: LHB Roger Faulkner | 0-0: SINGLE (Line Drive, 5) Larry Bradley scores | Batting: SHB Roderick Thurman | 0-0: Called Strike 0-1: SINGLE (Groundball, 34D) Roger Faulkner to second Runner from 2nd tries for 3rd, OUT! | Top of the 1st over - 1 run, 3 hits, 0 errors, 1 left on base; Saint John's 1 - Florida State 0 | BOTTOM OF THE 1ST |
---|
Florida State Seminoles batting - Pitching for Saint John's Red Storm : RHP Brady Adkins | Pitching: RHP Brady Adkins | | Batting: LHB Connor Moss | 0-0: Ball 1-0: Called Strike 1-1: Foul Ball, location: 2F 1-2: Strikes out swinging | Batting: RHB Bill Rice | 0-0: Ball 1-0: Ground out 4-3 (Groundball, 4MD) | Batting: LHB Paul Cotton | 0-0: Ball 1-0: Called Strike 1-1: Ball 2-1: Swinging Strike 2-2: Ground out 4-3 (Groundball, 4S) | Bottom of the 1st over - 0 runs, 0 hits, 0 errors, 0 left on base; Saint John's 1 - Florida State 0 | TOP OF THE 2ND |
---|
Saint John's Red Storm batting - Pitching for Florida State Seminoles : RHP Mike Sherman | Batting: SHB Timothy McBride | 0-0: Ball 1-0: Ball 2-0: Ball 3-0: Called Strike 3-1: Ground out 5-3 (Groundball, 5L) | Batting: RHB Mark Lester | 0-0: Called Strike 0-1: Called Strike 0-2: Foul Ball, location: 2F 0-2: Strikes out looking | Batting: RHB Jarrod Campbell | 0-0: Ball 1-0: Ball 2-0: Foul Ball, location: 2F 2-1: Ball 3-1: Base on Balls | Batting: RHB Pete King | 0-0: Called Strike 0-1: Ball 1-1: Ball 2-1: Foul Ball, location: 2F 2-2: Strikes out swinging | Top of the 2nd over - 0 runs, 0 hits, 0 errors, 1 left on base; Saint John's 1 - Florida State 0 | BOTTOM OF THE 2ND |
---|
Florida State Seminoles batting - Pitching for Saint John's Red Storm : RHP Brady Adkins | Batting: LHB Jeff Stevens | 0-0: Ball 1-0: Fly out, F7 (Flyball, 78D) | Batting: LHB Millard Myers | 0-0: Ball 1-0: Ball 2-0: Foul Ball, location: 2F 2-1: Foul Ball, location: 2F 2-2: Strikes out swinging | Batting: RHB Dave Roberts | 0-0: Ball 1-0: Swinging Strike 1-1: Foul Ball, location: 2F 1-2: Ball 2-2: Ball 3-2: Strikes out swinging | Bottom of the 2nd over - 0 runs, 0 hits, 0 errors, 0 left on base; Saint John's 1 - Florida State 0 | TOP OF THE 3RD |
---|
Saint John's Red Storm batting - Pitching for Florida State Seminoles : RHP Mike Sherman | Batting: RHB Thomas Barnes | 0-0: Foul Ball, location: 2F 0-1: Foul Ball, location: 2F 0-2: Strikes out swinging | Batting: LHB Larry Bradley | 0-0: Called Strike 0-1: Ball 1-1: Foul Ball, location: 2F 1-2: Strikes out swinging | Batting: LHB Richard Shelton | 0-0: Called Strike 0-1: Foul Ball, location: 2F 0-2: Strikes out swinging | Top of the 3rd over - 0 runs, 0 hits, 0 errors, 0 left on base; Saint John's 1 - Florida State 0 | BOTTOM OF THE 3RD |
---|
Florida State Seminoles batting - Pitching for Saint John's Red Storm : RHP Brady Adkins | Batting: RHB Quentin Underwood | 0-0: Called Strike 0-1: Ball 1-1: Ball 2-1: Ball 3-1: Foul Ball, location: 2F 3-2: Foul Ball, location: 2F 3-2: SINGLE (Line Drive, 8LS) | Batting: RHB Victor Whitfield | 0-0: Called Strike 0-1: Fly out, F9 (Flyball, 89M) | Batting: RHB Harry Ray | 0-0: Ball Wild Pitch! Quentin Underwood to second 1-0: Swinging Strike 1-1: 2-RUN HOME RUN (Flyball, 7LD), Distance : 331 ft | Batting: LHB Connor Moss | 0-0: Called Strike 0-1: Ball 1-1: Swinging Strike 1-2: Foul Ball, location: 2F 1-2: Strikes out looking | Batting: RHB Bill Rice | 0-0: Ground out 4-3 (Groundball, 4S) | Bottom of the 3rd over - 2 runs, 2 hits, 0 errors, 0 left on base; Saint John's 1 - Florida State 2 | TOP OF THE 4TH |
---|
Saint John's Red Storm batting - Pitching for Florida State Seminoles : RHP Mike Sherman | Batting: LHB Roger Faulkner | 0-0: Swinging Strike 0-1: Ball 1-1: Ball 2-1: Swinging Strike 2-2: Foul Ball, location: 2F 2-2: Ball 3-2: Strikes out swinging | Batting: SHB Roderick Thurman | 0-0: Called Strike 0-1: SINGLE (Groundball, 34D) | Batting: SHB Timothy McBride | 0-0: Ball 1-0: Ball 2-0: Called Strike 2-1: Ball 3-1: Base on Balls Roderick Thurman to second | Batting: RHB Mark Lester | 0-0: Called Strike Roderick Thurman is caught stealing 3rd base Timothy McBride to second 0-1: Ball 1-1: Ball 2-1: Foul Ball, location: 2F 2-2: Strikes out swinging | Top of the 4th over - 0 runs, 1 hit, 0 errors, 1 left on base; Saint John's 1 - Florida State 2 | BOTTOM OF THE 4TH |
---|
Florida State Seminoles batting - Pitching for Saint John's Red Storm : RHP Brady Adkins | Batting: LHB Paul Cotton | 0-0: Ball 1-0: Foul Ball, location: 2F 1-1: Foul Ball, location: 2F 1-2: Strikes out looking | Batting: LHB Jeff Stevens | 0-0: Ball 1-0: Ball 2-0: Foul Ball, location: 2F 2-1: Ground out 4-3 (Groundball, 34) | Batting: LHB Millard Myers | 0-0: Ball 1-0: Ball 2-0: Ball 3-0: Base on Balls | Batting: RHB Dave Roberts | 0-0: Fielders Choice at 2nd, 5-4 (Groundball, 56) | Bottom of the 4th over - 0 runs, 0 hits, 0 errors, 1 left on base; Saint John's 1 - Florida State 2 | TOP OF THE 5TH |
---|
Saint John's Red Storm batting - Pitching for Florida State Seminoles : RHP Mike Sherman | Batting: RHB Jarrod Campbell | 0-0: SINGLE (Line Drive, 4MD) | Batting: RHB Pete King | 0-0: Called Strike 0-1: Foul Ball, location: 2F 0-2: Ball 1-2: Ball 2-2: Strikes out swinging | Batting: RHB Thomas Barnes | 0-0: Ball 1-0: Foul Ball, location: 2F 1-1: Fly out, F8 (Flyball, 78D) | Batting: LHB Larry Bradley | 0-0: Called Strike 0-1: Ball 1-1: Ball 2-1: Ball 3-1: SINGLE (Groundball, 34D) Jarrod Campbell to second Runner from 2nd tries for 3rd, OUT! | Top of the 5th over - 0 runs, 2 hits, 0 errors, 1 left on base; Saint John's 1 - Florida State 2 | BOTTOM OF THE 5TH |
---|
Florida State Seminoles batting - Pitching for Saint John's Red Storm : RHP Brady Adkins | Batting: RHB Quentin Underwood | 0-0: Swinging Strike 0-1: Foul Ball, location: 2F 0-2: Ball 1-2: Ball 2-2: Ball 3-2: Foul Ball, location: 2F 3-2: Strikes out looking | Batting: RHB Victor Whitfield | 0-0: Ball 1-0: Ball 2-0: Ball 3-0: Base on Balls | Batting: RHB Harry Ray | 0-0: Ball 1-0: Called Strike 1-1: Ball 2-1: Ball 3-1: Base on Balls Victor Whitfield to second | Batting: LHB Connor Moss | 0-0: Ball 1-0: Called Strike 1-1: Swinging Strike 1-2: Ball 2-2: Strikes out swinging | Batting: RHB Bill Rice | 0-0: Ball 1-0: Ball 2-0: Ball 3-0: Base on Balls Victor Whitfield to third Harry Ray to second | Pitching: LHP Andy Fitzpatrick | | Batting: LHB Paul Cotton | 0-0: Called Strike 0-1: Ball 1-1: Fly out, F7 (Flyball, 7LMF) | Bottom of the 5th over - 0 runs, 0 hits, 0 errors, 3 left on base; Saint John's 1 - Florida State 2 | TOP OF THE 6TH |
---|
Saint John's Red Storm batting - Pitching for Florida State Seminoles : RHP Mike Sherman | Batting: LHB Richard Shelton | 0-0: Ball 1-0: Ball 2-0: Ball 3-0: Base on Balls | Batting: LHB Roger Faulkner | 0-0: Ball 1-0: Ball 2-0: Called Strike 2-1: Fly out, F8 (Flyball, 8RM) | Pitching: RHP Mark Graham | | Batting: SHB Roderick Thurman | 0-0: Called Strike 0-1: Ball 1-1: Foul Ball, location: 2F 1-2: Ball 2-2: Strikes out swinging | Batting: SHB Timothy McBride | 0-0: Called Strike 0-1: Ball Passed Ball! Richard Shelton to second 1-1: Fly out, F9 (Flyball, 9) | Top of the 6th over - 0 runs, 0 hits, 0 errors, 1 left on base; Saint John's 1 - Florida State 2 | BOTTOM OF THE 6TH |
---|
Florida State Seminoles batting - Pitching for Saint John's Red Storm : LHP Andy Fitzpatrick | Batting: LHB Jeff Stevens | 0-0: Called Strike 0-1: Foul Ball, location: 2F 0-2: Foul Ball, location: 2F 0-2: Foul Ball, location: 2F 0-2: Ball 1-2: Foul Ball, location: 2F 1-2: Foul Ball, location: 2F 1-2: Foul Ball, location: 2F 1-2: Ball 2-2: Foul Ball, location: 2F 2-2: Ball 3-2: Foul Ball, location: 2F 3-2: Ground out U3 (Groundball, 3) | Batting: LHB Millard Myers | 0-0: Ball 1-0: SINGLE (Line Drive, 7LS) | Batting: RHB Dave Roberts | 0-0: Ball 1-0: Fly out, F8 (Line Drive, 8LS) | Batting: RHB Quentin Underwood | 0-0: Ball 1-0: Swinging Strike 1-1: Swinging Strike 1-2: Foul Ball, location: 2F 1-2: Ball 2-2: Ball 3-2: Strikes out looking | Bottom of the 6th over - 0 runs, 1 hit, 0 errors, 1 left on base; Saint John's 1 - Florida State 2 | TOP OF THE 7TH |
---|
Saint John's Red Storm batting - Pitching for Florida State Seminoles : RHP Mark Graham | Batting: RHB Mark Lester | 0-0: Ball 1-0: Swinging Strike 1-1: Called Strike 1-2: SINGLE (Flyball, 7LS) | Batting: RHB Jarrod Campbell | 0-0: Foul Ball, location: 2F 0-1: Swinging Strike 0-2: Ball 1-2: Ball 2-2: Ball 3-2: Strikes out swinging | Batting: RHB Pete King | 0-0: Called Strike 0-1: Ground out 6-3 (Groundball, 6S) Mark Lester to second | Batting: RHB Thomas Barnes | 0-0: Foul Ball, location: 2F 0-1: Ground out U3 (Groundball, 3S) | Top of the 7th over - 0 runs, 1 hit, 0 errors, 1 left on base; Saint John's 1 - Florida State 2 | BOTTOM OF THE 7TH |
---|
Florida State Seminoles batting - Pitching for Saint John's Red Storm : LHP Andy Fitzpatrick | Batting: RHB Victor Whitfield | 0-0: Called Strike 0-1: Swinging Strike 0-2: Strikes out swinging | Batting: RHB Harry Ray | 0-0: Called Strike 0-1: Swinging Strike 0-2: Foul Ball, location: 2F 0-2: Strikes out swinging | Batting: LHB Connor Moss | 0-0: Ball 1-0: Ball 2-0: Ball 3-0: Base on Balls | Batting: RHB Bill Rice | 0-0: Ball 1-0: Called Strike 1-1: Ball 2-1: Ball 3-1: Foul Ball, location: 2F 3-2: Ground out 5-3 (Groundball, 5L) | Bottom of the 7th over - 0 runs, 0 hits, 0 errors, 1 left on base; Saint John's 1 - Florida State 2 | TOP OF THE 8TH |
---|
Saint John's Red Storm batting - Pitching for Florida State Seminoles : RHP Mark Graham | Pitching: LHP Bill Klug | | Batting: LHB Larry Bradley | 0-0: Called Strike 0-1: Ball 1-1: Called Strike 1-2: Ball 2-2: Foul Ball, location: 2F 2-2: Foul Ball, location: 2F 2-2: Ball 3-2: Base on Balls | Batting: LHB Richard Shelton | 0-0: Ball 1-0: TRIPLE (Flyball, 78XD) Larry Bradley scores | Pinch Hitting: SHB Javier Rosado | 0-0: Foul Ball, location: 2F 0-1: Ball 1-1: Swinging Strike 1-2: Strikes out swinging | Batting: SHB Roderick Thurman | 0-0: Intentional Walk | Pitching: LHP Chris Kerr | | Batting: SHB Timothy McBride | 0-0: Called Strike 0-1: Ball 1-1: Ball Roderick Thurman steals 2nd base 2-1: Intentional Walk | Pinch Hitting: RHB Herman Sydney | 0-0: Grounds into fielders choice 4-2 (Groundball, 4) Roderick Thurman to third Timothy McBride to second | Batting: RHB Jarrod Campbell | 0-0: Called Strike 0-1: Fly out, F8 (Flyball, 78D) | Top of the 8th over - 1 run, 1 hit, 0 errors, 3 left on base; Saint John's 2 - Florida State 2 | BOTTOM OF THE 8TH |
---|
Florida State Seminoles batting - Pitching for Saint John's Red Storm : LHP Andy Fitzpatrick | Now at 1B: Herman Sydney | | Now at 3B: Russ Long | | Batting: LHB Paul Cotton | 0-0: Ball 1-0: Foul Ball, location: 2F 1-1: SINGLE (Groundball, 34D) | Pinch Hitting: RHB Tristan Dean | 0-0: Ball 1-0: Called Strike 1-1: Ball 2-1: Ball 3-1: Swinging Strike 3-2: Fly out, F7 (Flyball, 78S) | Batting: LHB Millard Myers | 0-0: Ball 1-0: Ball 2-0: Ball 3-0: Foul Ball, location: 2F 3-1: Foul Ball, location: 2F 3-2: Base on Balls Paul Cotton to second | Batting: RHB Dave Roberts | 0-0: Called Strike Paul Cotton is caught stealing 3rd base 0-1: Ball 1-1: Ball Wild Pitch! Millard Myers to second 2-1: Foul Ball, location: 2F 2-2: Ball 3-2: Foul Ball, location: 2F 3-2: Base on Balls | Pitching: RHP Andrew Luna | | Batting: RHB Quentin Underwood | 0-0: Foul Ball, location: 2F 0-1: Ground out 4-3 (Groundball, 4) | Bottom of the 8th over - 0 runs, 1 hit, 0 errors, 2 left on base; Saint John's 2 - Florida State 2 | TOP OF THE 9TH |
---|
Saint John's Red Storm batting - Pitching for Florida State Seminoles : LHP Chris Kerr | Pitching: LHP Rubén López | | Now in LF: Pat Young | | Batting: RHB Pete King | 0-0: Ball 1-0: Called Strike 1-1: Foul Ball, location: 2F 1-2: Ball 2-2: Ball 3-2: Base on Balls | Batting: RHB Thomas Barnes | 0-0: Ball 1-0: Ball 2-0: Called Strike 2-1: Ball 3-1: Base on Balls Pete King to second | Batting: LHB Larry Bradley | 0-0: Called Strike 0-1: Ball 1-1: Ball 2-1: Foul Ball, location: 2F 2-2: Foul Ball, location: 2F 2-2: Ball 3-2: Foul Ball, location: 2F 3-2: Base on Balls Pete King to third Thomas Barnes to second | Batting: LHB Richard Shelton | 0-0: Ball 1-0: Fly out, F3 (Line Drive, 3) | Batting: RHB Russ Long | 0-0: Ball 1-0: Called Strike 1-1: Called Strike 1-2: Foul Ball, location: 2F 1-2: Ball 2-2: Strikes out swinging | Batting: SHB Roderick Thurman | 0-0: Ball 1-0: Ball 2-0: Called Strike 2-1: Swinging Strike 2-2: Ball Wild Pitch! Pete King scores Thomas Barnes to third Larry Bradley to second 3-2: Foul Ball, location: 2F 3-2: Base on Balls | Batting: SHB Timothy McBride | 0-0: Fly out, F9 (Flyball, 89M) | Top of the 9th over - 1 run, 0 hits, 0 errors, 3 left on base; Saint John's 3 - Florida State 2 | BOTTOM OF THE 9TH |
---|
Florida State Seminoles batting - Pitching for Saint John's Red Storm : RHP Andrew Luna | Pitching: RHP Leonardo Castillo | | Batting: RHB Victor Whitfield | 0-0: Swinging Strike 0-1: Ball 1-1: Foul Ball, location: 2F 1-2: Ball 2-2: Fly out, F7 (Flyball, 7) | Batting: RHB Harry Ray | 0-0: Called Strike 0-1: Ball 1-1: Ball 2-1: Foul Ball, location: 2F 2-2: Strikes out swinging | Batting: LHB Connor Moss | 0-0: Ball 1-0: Called Strike 1-1: Ball 2-1: Swinging Strike 2-2: Strikes out swinging | Bottom of the 9th over - 0 runs, 0 hits, 0 errors, 0 left on base; Saint John's 3 - Florida State 2 | |